 Dungeon Crawl Stone Soup version 0.29.0-11-gd7f09526c8 (webtiles) character file.

Game seed: 2852483431378701814

138 Armakuni the Cutter (level 5, 0/42 HPs)
             Began as a Vampire Abyssal Knight on Sept 2, 2022.
             Was a Priest of Lugonu.
             Slain by a kobold brigand
             ... wielding a +0 hand axe
              (4 damage)
             ... on level 4 of the Dungeon.
             The game lasted 00:06:49 (2530 turns).

Armakuni the Cutter (Vampire Abyssal Knight)        Turns: 2530, Time: 00:06:49

Health: 0/42       AC:  6    Str: 14    XL:     5   Next: 1%
Magic:  6/6        EV: 10    Int: 19    God:    Lugonu [***...]
Gold:   122        SH:  4    Dex: 14    Spells: 4/5 levels left

rFire   . . .      SeeInvis +   a - +1 rapier
rCold   . . .      Faith    .   g - +0 buckler
rNeg    . . .      Spirit   .   j - +0 ring mail
rPois   .          Reflect  .   (no helmet)
rElec   .          Harm     .   c - +0 cloak
rCorr   .          Rampage  .   (no gloves)
Will    +....                   (no boots)
Stlth   +.........              (no amulet)
HPRegen 0.34/turn               W - ring of willpower
MPRegen 0.10/turn               I - +6 ring of intelligence

@: brilliant, healing quickly
A: alive, fangs 3, see invisible, vampiric 2
a: Exsanguinate, Renounce Religion, Depart the Abyss, Bend Space, Banish


You were on level 4 of the Dungeon.
You worshipped Lugonu.
Lugonu was most pleased with you.
You visited 1 branch of the dungeon, and saw 4 of its levels.
You visited the Abyss 1 time.

You collected 122 gold pieces.

Inventory:

Hand Weapons
 a - a +1 rapier (weapon)
 b - a +0 sling of flaming
Missiles
 i - 10 poisoned darts
Armour
 c - a +0 cloak (worn)
 g - a +0 buckler (worn)
 j - a +0 ring mail (worn)
Jewellery
 m - a ring of wizardry
 I - a +6 ring of intelligence (right hand)
 W - a ring of willpower (left hand)
Scrolls
 d - a scroll of fear
 f - a scroll of fog
 h - 3 scrolls of amnesia
 k - a scroll of teleportation


   Skills:
 + Level 3.7 Fighting
 + Level 3.7 Short Blades
 - Level 0.7 Armour
 - Level 2.1 Dodging
 + Level 1.9 Shields
 + Level 0.6 Spellcasting
 - Level 1.5 Invocations


You had 4 spell levels left.
You knew the following spells:

 Your Spells              Type           Power      Damage    Failure   Level
s - Slow                  Hex            0%         N/A       47%         1

Your spell library contained the following spells:

 Spells                   Type           Power      Damage    Failure   Level
 Confusing Touch          Hex            0%         N/A       85%         3
 Portal Projectile        Hex/Tloc       0%         N/A       85%         3
 Tukima's Dance           Hex            0%         N/A       85%         3
 Vampiric Draining        Necr           0%         2d6       85%         3
 Blade Hands              Tmut           0%         N/A       100%        5


Dungeon Overview and Level Annotations

Branches:
Dungeon (4/15)
 Temple: D:4-7

Altars:
Cheibriados
Gozag
Uskayaw

Shops:
D:1 =

Annotations:
D:2 Sigmund


Innate Abilities, Weirdness & Mutations

Your natural rate of healing is accelerated.
You have razor-sharp teeth.
You have supernaturally acute eyesight. (SInv)
You are afflicted with vampirism and can become a bat while bloodless.


Message History

The kobold brigand blocks your attack.
The kobold brigand is heavily wounded.
The kobold brigand hits you but does no damage.
You hit the kobold brigand but do no damage.
The kobold brigand is heavily wounded.
The kobold brigand hits you but does no damage.
You completely miss the kobold brigand.
The kobold brigand is heavily wounded.
The kobold brigand hits you with a +0 hand axe.
You hit the kobold brigand.
The kobold brigand is severely wounded.
The kobold brigand hits you with a +0 hand axe.
The kobold brigand hits you but does no damage.
The kobold brigand blocks your attack.
The kobold brigand is severely wounded.
The kobold brigand hits you but does no damage.
The kobold brigand blocks your attack.
The kobold brigand is severely wounded.
The kobold brigand hits you with a +0 hand axe!
* * * LOW HITPOINT WARNING * * *
You hit the kobold brigand.
The kobold brigand is severely wounded.
The kobold brigand barely misses you.
You hit the kobold brigand.
The kobold brigand is severely wounded.
The kobold brigand closely misses you. The kobold brigand blocks your attack.
The kobold brigand is severely wounded.
The kobold brigand hits you but does no damage.
The kobold brigand blocks your attack.
The kobold brigand is severely wounded.
You block the kobold brigand's attack.
You closely miss the kobold brigand.
The kobold brigand is severely wounded.
The kobold brigand hits you with a +0 hand axe!
* * * LOW HITPOINT WARNING * * *
The kobold brigand blocks your attack.
The kobold brigand is severely wounded.
The kobold brigand hits you with a +0 hand axe.
You die...

## #.>.# #.###....#.# #
#...#####.# #.####.#
#.....[...# #.# #.#
#..###.#.## #.# #.# #..#
#.#.####.####.## ## #..#
#.#.............
<###..###<###.....#####.
..............)......#..
####.########.#.@.......
#.# #.#.K#.#[#.. #.#
......##.# . #.#
........< . #.#
##.....#.#. . #.#
#.##..#.# #.# #. #..#.#
# #... .


You could see a kobold brigand (reflecting).

Vanquished Creatures
  An iguana (D:4)
  2 adders
  2 worms (D:3)
  4 dart slugs
  8 orcs (D:3)
  7 bats
  5 endoplasms
  2 giant cockroaches
  6 goblins
  7 hobgoblins
  3 quokkas
  7 ball pythons
  3 frilled lizards
  4 kobolds
  5 rats (D:1)
66 creatures vanquished.

Vanquished Creatures (others)
  5 plants (D:1)
5 creatures vanquished.

Grand Total: 71 creatures vanquished

Notes
Turn   | Place    | Note
-------+----------+-------------------------------------------
     0 | Abyss:1  | Armakuni the Vampire Abyssal Knight began the quest for the
                  | Orb.
     0 | Abyss:1  | Reached XP level 1. HP: 17/17 MP: 2/2
   105 | Abyss:1  | Noticed a thrashing horror
   149 | Abyss:1  | Noticed a glowing orange brain
   158 | Abyss:1  | Noticed a large abomination
   170 | Abyss:1  | Noticed a bunyip skeleton
   174 | D:1      | Escaped the Abyss
   287 | D:1      | Reached XP level 2. HP: 17/24 MP: 3/3
   327 | D:1      | Reached ** piety under Lugonu
   530 | D:1      | Found Zyraemn's Jewellery Shop.
   590 | D:1      | Gained mutation: You are afflicted with vampirism and can
                  | become a bat while bloodless. [Vampire growth]
   590 | D:1      | Reached XP level 3. HP: 28/29 MP: 4/4
  1024 | D:2      | Noticed Sigmund
  1071 | D:1      | Reached skill level 1 in Shields
  1229 | D:3      | Found an opulent altar of Gozag.
  1287 | D:3      | Reached *** piety under Lugonu
  1378 | D:3      | Reached XP level 4. HP: 28/35 MP: 5/5
  1545 | D:3      | Learned a level 1 spell: Slow
  1672 | D:3      | Found a hide-covered altar of Uskayaw.
  1846 | D:3      | Found a snail-covered altar of Cheibriados.
  2164 | D:4      | Identified the +2 buckler of Midnight {-Tele rPois Will+
                  | SInv}
  2273 | D:4      | Reached XP level 5. HP: 19/42 MP: 6/6
  2530 | D:4      | Slain by a kobold brigand

Illustrated notes

Levels and vault maps discovered:
D:1:      saegor_arrival_simple_c, layout_rooms, serial_shops,
          nicolae_shop_waterfront, serial_bayou, serial_bayou_lake_a,
          serial_bayou_shore_a, serial_bayou_ford_a, serial_bayou_pond_b,
          minmay_tromino_v4_a
D:2:      minmay_wonky_spiral, layout_basic, uniq_sigmund,
          uniq_crazy_yiuf_cottage
D:3:      layout_basic, nicolae_gozag_seed_capital, slow_altar_2,
          nicolae_overflow_crystal_walls, kennysheep_generic_room_6
D:4:      layout_loops_ring, minmay_lizard_king

Skill      XL: |  1  2  3 |
---------------+----------+-----
Fighting       | 3 |  3.7
Short Blades   | 3 |  3.7
Shields        | 1 |  1.9
Armour         | |  0.7
Dodging        | |  2.1
Spellcasting   | |  0.6
Invocations    | |  1.5

Action                   |  1- 3 |  4- 6 || total
-------------------------+-------+-------++-------
Melee: Short sword       |   143 |       ||   143
       Bite              |    20 |    18 ||    38
       Punch             |     1 |       ||     1
       Rapier            |    15 |   129 ||   144
Invok: Depart the Abyss  |     1 |       ||     1
  Use: Scroll            |     8 |     2 ||    10
       Potion            |       |     2 ||     2
Armor: Leather armour    |     9 |       ||     9
       Ring mail         |    46 |    34 ||    80
Dodge: Dodged            |    89 |    60 ||   149
Block: Buckler           |    16 |    23 ||    39
